 Dungeon Crawl Stone Soup version 0.29.1-4-g47bece8355 (webtiles) character file.

Game seed: 10629333451660680273

23 Jonezilla the Covered (level 2, 0/27 HPs)
             Began as a Minotaur Fighter on Dec 9, 2022.
             Slain by a hobgoblin (2 damage)
             ... led by Robin
             ... on level 2 of the Dungeon.
             The game lasted 00:01:52 (236 turns).

Jonezilla the Covered (Minotaur Fighter)             Turns: 236, Time: 00:01:53

Health: 0/27       AC:  7    Str: 20    XL:     2   Next: 75%
Magic:  1/1        EV:  9    Int:  5    God:
Gold:   13         SH:  4    Dex:  9    Spells: 1/1 levels left

rFire   . . .      SeeInvis .   a - +0 war axe
rCold   . . .      Faith    .   c - +0 buckler
rNeg    . . .      Spirit   .   b - +0 scale mail
rPois   .          Reflect  .   (helmet restricted)
rElec   .          Harm     .   (no cloak)
rCorr   .          Rampage  .   (no gloves)
Will    .....                   (no boots)
Stlth   ..........              (no amulet)
HPRegen 0.09/turn               (no ring)
MPRegen 0.07/turn               (no ring)

@: no status effects
A: horns 2, retaliatory headbutt
a: no special abilities


You were on level 2 of the Dungeon.
You visited 1 branch of the dungeon, and saw 2 of its levels.

You collected 13 gold pieces.

Inventory:

Hand Weapons
 a - a +0 war axe (weapon)
Missiles
 e - 3 stones (quivered)
Armour
 b - a +0 scale mail (worn)
 c - a +0 buckler (worn)
Scrolls
 f - a scroll of teleportation {unknown}
 g - a scroll of immolation {unknown}
Potions
 d - a potion of might


   Skills:
 + Level 4.0 Fighting
 + Level 2.7 Axes
 + Level 4.1 Armour
 + Level 3.9 Shields


You had one spell level left.
You didn't know any spells.
Your spell library was empty.

Dungeon Overview and Level Annotations

Branches:
Dungeon (1/15)

Altars:


Innate Abilities, Weirdness & Mutations

You have a pair of horns on your head.
You reflexively headbutt those who attack you in melee.


Message History

The hobgoblin hits you but does no damage.
Robin throws the goblin at you!
A kobold comes into view. It is wielding a +0 dagger.
The goblin hits you but does no damage.
You closely miss Robin. You closely miss the goblin.
You barely miss the hobgoblin.
The kobold shouts!
You block Robin's attack. The hobgoblin hits you.
The goblin hits you but does no damage. The adder barely misses you.
You slash Robin! You headbutt Robin, but do no damage.
Robin is heavily wounded.
You hit the adder. You slash the hobgoblin!
You kill the hobgoblin!
You hit the goblin. You closely miss the hobgoblin. The adder bites you.
Robin roars a battlecry!
The goblin barely misses you. You furiously retaliate!
You headbutt the goblin!
You kill the goblin!
A hobgoblin comes into view.
The hobgoblin hits you.
* * * LOW HITPOINT WARNING * * *
The hobgoblin shouts!
You slash Robin!
You kill Robin!
You barely miss the hobgoblin. You miss the adder. You slash the hobgoblin!
You kill the hobgoblin!
The adder bites you but does no damage. The hobgoblin closely misses you.
The adder barely misses you. You furiously retaliate!
You headbutt the adder. You block the hobgoblin's attack.
The hobgoblin hits you.
* * * LOW HITPOINT WARNING * * *
Your Fighting skill increases to level 4!
Your Armour skill increases to level 4!
You slash the hobgoblin!
You kill the hobgoblin!
You closely miss the hobgoblin. You closely miss the adder.
The adder bites you.
* * * LOW HITPOINT WARNING * * *
The adder barely misses you. You furiously retaliate!
You headbutt the adder.
You kill the adder!
The hobgoblin hits you.
You die...

........#.#########
........#.#
#......#.#
#.≈≈≈..#.#
#.≈)≈..#.#
#.≈≈≈..#.#
##.....##.#
#....))...#
#...†@#####
#...))g# #....K.#
#......# #....g.#
##....#. #....'.
#....###


You could see 2 hobgoblins and a kobold.

Vanquished Creatures
  Robin (D:2)
  An adder (D:2)
  5 goblins (D:2)
  5 hobgoblins (D:2)
  2 rats (D:1)
14 creatures vanquished.

Notes
Turn   | Place    | Note
-------+----------+-------------------------------------------
     0 | D:1      | Jonezilla the Minotaur Fighter began the quest for the Orb.
     0 | D:1      | Reached XP level 1. HP: 19/19 MP: 0/0
   173 | D:1      | You fall into a shaft and drop 1 floor!
   225 | D:2      | Noticed Robin
   232 | D:2      | Reached XP level 2. HP: 27/27 MP: 1/1
   235 | D:2      | Killed Robin
   236 | D:2      | Slain by a hobgoblin

Illustrated notes

Levels and vault maps discovered:
D:1:      dpeg_arrival_another_circle, layout_loops_corners, serial_forest,
          infiniplex_forest_lined_3_way, infiniplex_forest_straight_1,
          infiniplex_forest_clump_small, infiniplex_forest_end_double,
          infiniplex_forest_end_1, infiniplex_forest_corner_1,
          infiniplex_forest_straight_2, shapermc_ecumenical_altar_notcrosses
D:2:      layout_basic, corexii_item_surrounded_by_moat, uniq_robin

Skill      XL: |  1  2 |
---------------+-------+-----
Fighting       | 4 |  4.0
Armour         | 4 |  4.1
Axes           | |  2.7
Shields        | |  3.9

Action                   || total
-------------------------++-------
Melee: War axe           ||    15
       Headbutt          ||     2
Armor: Scale mail        ||    13
Dodge: Dodged            ||     6
Block: Buckler           ||     4
